 Dungeon Crawl Stone Soup version 0.24-a0-530-g18ba70b503 (webtiles) character file.

Game seed: 14173950566580024608

128 Peloso the Shield-Bearer (level 4, -5/40 HPs)
             Began as a Minotaur Fighter on Aug 8, 2019.
             Slain by Crazy Yiuf
             ... wielding a +4 quarterstaff of chaos
              (13 damage)
             ... on level 3 of the Dungeon.
             The game lasted 00:03:41 (1639 turns).

Peloso the Shield-Bearer (Minotaur Fighter)         Turns: 1639, Time: 00:03:42

Health: -5/40      AC: 10    Str: 21    XL:     4   Next: 87%
Magic:  3/3        EV:  5    Int:  5    God:
Gold:   97         SH:  9    Dex: 10    Spells: 3/3 levels left

rFire    . . .     SeeInvis +   a - +0 long sword
rCold    . . .     Gourm    .   c - +0 shield
rNeg     . . .     Faith    .   i - +0 chain mail
rPois    .         Spirit   .   (helmet restricted)
rElec    .         Reflect  .   (no cloak)
rCorr    .         Harm     .   n - +0 pair of gloves
MR       .....                  (no boots)
Stlth    ..........             (no amulet)
HPRegen  0.13/turn              o - ring of see invisible
MPRegen  0.08/turn              (no ring)

@: lightly drained
A: retaliatory headbutt, horns 2
a: no special abilities


You were on level 3 of the Dungeon.
You were hungry.

You visited 1 branch of the dungeon, and saw 3 of its levels.

You collected 97 gold pieces.

Inventory:

Hand Weapons
 a - a +0 long sword (weapon)
Armour
 b - a +0 scale mail
 c - a +0 shield (worn)
 i - a +0 chain mail (worn)
 n - a +0 pair of gloves (worn)
Jewellery
 o - a ring of see invisible (left hand)
Scrolls
 j - 4 scrolls of remove curse {unknown}
 k - 3 scrolls of teleportation {unknown}
 l - a scroll of magic mapping {unknown}
 m - a scroll of fear {unknown}
 p - 2 scrolls of identify {unknown}
 q - a scroll of immolation {unknown}
Potions
 d - a potion of might
 e - a potion of resistance {unknown}
 g - 4 potions of cancellation {unknown}
 h - a potion of haste {unknown}
Comestibles
 f - 3 rations


   Skills:
 + Level 4.2(3.6) Fighting
 + Level 4.1(3.5) Long Blades
 + Level 4.3(3.8) Armour
 + Level 0.3(0.0) Dodging
 + Level 4.8(4.2) Shields


You had 3 spell levels left.
You didn't know any spells.
Your spell library was empty.

Dungeon Overview and Level Annotations

Branches:
Dungeon (3/15)

Altars:
Makhleb
Okawaru

Annotations:
D:3 Crazy Yiuf


Innate Abilities, Weirdness & Mutations

You reflexively headbutt those who attack you in melee.
You have a pair of horns on your head.


Message History

Crazy Yiuf is lightly wounded.
You block Crazy Yiuf's attack.
You miss Crazy Yiuf.
Crazy Yiuf is lightly wounded.
Crazy Yiuf hits you with a +4 quarterstaff of chaos!
Crazy Yiuf hits you with a +4 quarterstaff of chaos.
You feel drained.
You closely miss Crazy Yiuf. You headbutt Crazy Yiuf!
Crazy Yiuf is heavily wounded.
Crazy Yiuf hits you with a +4 quarterstaff of chaos.
You feel drained.
You miss Crazy Yiuf.
Crazy Yiuf is heavily wounded.
Crazy Yiuf hits you but does no damage.
You miss Crazy Yiuf.
Crazy Yiuf is heavily wounded.
Crazy Yiuf hits you with a +4 quarterstaff of chaos.
* * * LOW HITPOINT WARNING * * *
You are electrocuted!
You die...

#######
#...[.#
#.....###
######..#.#
##### ##8##
#..#.# #)..#
8...8##..#.#
#...#
.....##..#.#
#.g.#
.....>#....#
#@#
.....##.##.#
♣.♣♣
8...8##.##.#
♣♣.♣ ##8##
#....# ♣.♣♣
## ##.###
♣♣.♣ #####.#
♣♣.♣♣
##.....##
♣♣...♣
#..###..##
♣....♣ ##.##
##..# ##..##


You could see Crazy Yiuf.

Vanquished Creatures
  An orc priest (D:3)
  Robin (D:3)
  2 adders (D:3)
  A worm (D:3)
  2 dart slugs
  3 orcs (D:3)
  A giant cockroach (D:2)
  8 hobgoblins
  4 jackals (D:1)
  9 kobolds
  2 quokkas (D:3)
  3 bats (D:3)
  4 frilled lizards
  11 goblins
  6 rats
58 creatures vanquished.

Notes
Turn   | Place    | Note
-------+----------+-------------------------------------------
     0 | D:1      | Peloso the Minotaur Fighter began the quest for the Orb.
     0 | D:1      | Reached XP level 1. HP: 19/19 MP: 0/0
   176 | D:1      | Reached XP level 2. HP: 16/27 MP: 1/1
   684 | D:2      | Reached XP level 3. HP: 27/33 MP: 2/2
   850 | D:3      | Found an iron altar of Okawaru.
   852 | D:3      | Found a burning altar of Makhleb.
   878 | D:3      | Noticed Robin
   883 | D:3      | Reached XP level 4. HP: 26/40 MP: 3/3
   896 | D:3      | Killed Robin
  1525 | D:3      | Found a runed translucent door.
  1526 | D:3      | Noticed Crazy Yiuf
  1639 | D:3      | Slain by Crazy Yiuf

Levels and vault maps discovered:
D:1:      onia_arrival_larder, layout_rooms, minmay_crystal_water,
          roderic_lattice_a
D:2:      layout_basic, old_standard_altar,
          chequers_ecumenical_altar_simple_redux,
          chequers_serial_rivers_micro_d, uniq_sigmund
D:3:      layout_rooms, nicolae_overflow_hidden_temple, uniq_robin,
          uniq_crazy_yiuf_cottage

Skill      XL: |  1  2  3  4 |
---------------+-------------+-----
Shields        | 4 |  4.8
Armour         | 4 |  4.3
Fighting       | 4 |  4.2
Long Blades    | 3 4 |  4.1
Dodging        | |  0.3

Action                   |  1- 3 |  4- 6 || total
-------------------------+-------+-------++-------
Melee: Long sword        |    75 |    51 ||   126
       Headbutt          |    11 |    12 ||    23
  Eat: Chunk             |       |     2 ||     2
Armor: Scale mail        |    12 |       ||    12
       Chain mail        |    20 |    20 ||    40
Dodge: Dodged            |    22 |     9 ||    31
Block: Shield            |    51 |    23 ||    74
       Rpst.: Long sword |     6 |     2 ||     8

Table legend:
 A = Non-vault XP
 B = Vault XP
 C = Vault XP percentage of total XP
 D = Non-vault monster count
 E = Vault monster count
 F = Vault count percentage of total count
                 A         B        C        D         E       F
            +---------+---------+-------+---------+---------+-------
      Total |     151 |      33 |  17.9 |      47 |      11 |  19.0
            +---------+---------+-------+---------+---------+-------
        D:1 |      38 |       1 |   2.6 |      21 |       1 |   4.5
        D:2 |      13 |       0 |   0.0 |       6 |       0 |   0.0
        D:3 |     100 |      32 |  24.2 |      20 |      10 |  33.3
            +---------+---------+-------+---------+---------+-------
